 Dungeon Crawl Stone Soup version 0.22.0 (webtiles) character file.

1983 Blackhawk the Shield-Bearer (level 9, -7/73 HPs)
             Began as a Gnoll Fighter on Oct 21, 2018.
             Was a Follower of Trog.
             Mangled by an orc warrior
             ... wielding a +0 broad axe
              (14 damage)
             ... on level 7 of the Dungeon.
             The game lasted 00:15:01 (6223 turns).

Blackhawk the Shield-Bearer (Gnoll Fighter)         Turns: 6223, Time: 00:15:01

Health: -7/73      AC:  9    Str: 22    XL:     9   Next: 20%
Magic:  14/14      EV: 10    Int: 16    God:    Trog [*.....]
Gold:   352        SH: 11    Dex: 14    Spells: 15/15 levels left

rFire    . . .     SeeInvis .   a - +1 war axe
rCold    . . .     Gourm    .   c - +0 shield
rNeg     . . .     Faith    .   b - +0 scale mail
rPois    .         Spirit   .   (no helmet)
rElec    .         Reflect  .   (no cloak)
rCorr    .         Harm     +   o - +0 pair of gloves
MR       .....                  (no boots)
Stlth    +.........             v - amulet of harm
HPRegen  0.22/turn              B - +5 ring of intelligence
MPRegen  0.14/turn              (no ring)

@: berserk cooldown, slowed, very slow
A: distributed training, fangs 1, strong nose
a: Berserk, Renounce Religion


You were on level 7 of the Dungeon.
You worshipped Trog.
Trog was aware of your devotion.
You were very hungry.

You visited 2 branches of the dungeon, and saw 8 of its levels.

You collected 352 gold pieces.

Inventory:

Hand Weapons
 a - a +1 war axe (weapon)
 e - a +0 hunting sling
 g - a +0 hunting sling
Missiles
 l - 223 stones (quivered)
Armour
 b - a +0 scale mail (worn)
 c - a +0 shield (worn)
 o - a +0 pair of gloves (worn)
Jewellery
 p - an uncursed ring of poison resistance {unknown}
 v - an amulet of harm (around neck)
 B - a +5 ring of intelligence (left hand)
Wands
 k - a wand of digging (10)
 u - a wand of random effects (18)
 C - a wand of scattershot (4)
Scrolls
 m - 2 scrolls of amnesia
 n - 3 scrolls of remove curse
 t - a scroll of immolation
 w - a scroll of identify
 y - a scroll of enchant weapon
 D - 2 scrolls of teleportation
 E - 2 scrolls of enchant armour {unknown}
 G - a scroll of torment {unknown}
Potions
 d - a potion of might
 h - 3 potions of brilliance
 i - a potion of heal wounds
 j - 2 potions of mutation
 q - a potion of lignification
 r - a potion of flight
 s - 2 potions of haste
 x - a potion of degeneration
 z - a potion of cancellation
 A - 4 potions of curing
Comestibles
 f - 8 rations


   Skills:
 + Level 7.7 Fighting
 + Level 3.9 Short Blades
 + Level 3.9 Long Blades
 + Level 6.1 Axes
 + Level 3.9 Maces & Flails
 + Level 3.9 Polearms
 + Level 3.9 Staves
 + Level 3.9 Slings
 + Level 3.9 Bows
 + Level 3.9 Crossbows
 + Level 3.9 Throwing
 + Level 7.7 Armour
 + Level 3.9 Dodging
 + Level 3.9 Stealth
 + Level 7.7 Shields
 + Level 3.9 Unarmed Combat
 + Level 3.9 Spellcasting
 + Level 3.2 Conjurations
 + Level 3.2 Hexes
 + Level 3.2 Charms
 + Level 3.2 Summonings
 + Level 3.2 Necromancy
 + Level 3.2 Translocations
 + Level 3.2 Transmutations
 + Level 3.2 Fire Magic
 + Level 3.2 Ice Magic
 + Level 3.2 Air Magic
 + Level 3.2 Earth Magic
 + Level 3.2 Poison Magic
 + Level 4.3 Invocations
 + Level 3.9 Evocations


You had 15 spell levels left.
You didn't know any spells.
Your spell library was empty.

Dungeon Overview and Level Annotations

Branches:
Dungeon (7/15)             Temple (1/1) D:4

Altars:
Ashenzari
Cheibriados
Elyvilon
Fedhas
Gozag
Hepliaklqana
Kikubaaqudgha
Nemelex Xobeh
Okawaru
Qazlal
Ru
Sif Muna
Trog
Uskayaw
Vehumet
Wu Jian
Xom
Yredelemnul
Zin
The Shining One

Shops:
D:7 }

Annotations:
D:6 2 transporters, Blackhawk's ghost, novice GnFi


Innate Abilities, Weirdness & Mutations

Your experience applies equally to all skills.
You have very sharp teeth.
Your uncanny sense of smell can sniff out nearby items.


Message History

You are exhausted.
You feel yourself slow down.
Things that are here:
a dagger; an orc corpse You bump into the rock wall.
You feel less confused. You block the orc warrior's attack.
Things that are here:
a trident; a leather armour The orc hits you but does no damage.
Items here: )) [[ a dagger; a robe; a glaive; a plate armour The orc warrior hits you with a broad axe!!
* * * LOW HITPOINT WARNING * * *
The orc warrior hits you but does no damage.
You block the orc warrior's attack. The orc warrior barely misses you.
You block the orc warrior's attack.
The orc warrior hits you with a broad axe!
You die...

#########...#..# #...#
..##......##..## #...#
#....#######.## #...# ..####
#..# #####...# ###### ##.##
#.......# .....## #..#
#.###<..# ####..####.#####.#
#...# ...##......##..#.#
#...#
##...#..#####..#@###.#######
###..#.# ##..#o##..# #...#
##...# ##.oooo##.####.#.#
#####...###...oo.........#.#
.............o......######.#
#...###.....#.#.....# #.#
#.### #.......#.....# #.#
###
##...##..#)###.######.####
##)..##....(..............#


You could see 2 orc warriors, an orc wizard and 3 orcs.

Vanquished Creatures
  A hippogriff (D:4)
  Sigmund (D:5)
  The ghost of Blackhawk the Charmwright, an amateur GnSk (D:3)
  2 orc warriors
  A phantom (D:6)
  2 ogres
  3 centaurs
  A bullfrog (D:6)
  A water moccasin zombie (D:6)
  2 scorpions
  2 crimson imps
  3 orc priests
  3 hounds
  3 orc wizards
  An iguana (D:6)
  2 worker ants
  A hound zombie (D:5)
  7 adders
  A shadow imp (D:6)
  2 oozes
  2 worms
  2 dart slugs
  5 leopard geckos
  27 orcs
  4 giant cockroaches
  7 goblins
  7 hobgoblins
  7 jackals
  2 quokkas
  4 bats
  6 frilled lizards
  A jackal skeleton (D:5)
  5 kobolds
  A leopard gecko skeleton (D:6)
  6 rats
126 creatures vanquished.

Notes
Turn   | Place    | Note
-------+----------+-------------------------------------------
     0 | D:1      | Blackhawk the Gnoll Fighter began the quest for the Orb.
     0 | D:1      | Reached XP level 1. HP: 23/23 MP: 1/1
    23 | D:1      | Reached XP level 2. HP: 22/29 MP: 2/2
   238 | D:1      | Reached XP level 3. HP: 35/35 MP: 3/3
   727 | D:2      | Reached skill level 1 in Invocations
   965 | D:2      | Reached skill level 1 in Short Blades
   965 | D:2      | Reached skill level 1 in Long Blades
   965 | D:2      | Reached skill level 1 in Maces & Flails
   965 | D:2      | Reached skill level 1 in Polearms
   965 | D:2      | Reached skill level 1 in Staves
   965 | D:2      | Reached skill level 1 in Slings
   965 | D:2      | Reached skill level 1 in Bows
   965 | D:2      | Reached skill level 1 in Crossbows
   965 | D:2      | Reached skill level 1 in Throwing
   965 | D:2      | Reached skill level 1 in Dodging
   965 | D:2      | Reached skill level 1 in Stealth
   965 | D:2      | Reached skill level 1 in Unarmed Combat
   965 | D:2      | Reached skill level 1 in Spellcasting
   965 | D:2      | Reached skill level 1 in Evocations
  1223 | D:2      | Reached XP level 4. HP: 35/41 MP: 5/5
  1755 | D:3      | Found a runed gate.
  1756 | D:3      | Found a runed gate.
  1757 | D:3      | Found a runed gate.
  1758 | D:3      | Noticed Blackhawk's ghost (amateur GnSk)
  1827 | D:3      | Killed Blackhawk's ghost
  1827 | D:3      | Reached skill level 1 in Conjurations
  1827 | D:3      | Reached skill level 1 in Hexes
  1827 | D:3      | Reached skill level 1 in Charms
  1827 | D:3      | Reached skill level 1 in Summonings
  1827 | D:3      | Reached skill level 1 in Necromancy
  1827 | D:3      | Reached skill level 1 in Translocations
  1827 | D:3      | Reached skill level 1 in Transmutations
  1827 | D:3      | Reached skill level 1 in Fire Magic
  1827 | D:3      | Reached skill level 1 in Ice Magic
  1827 | D:3      | Reached skill level 1 in Air Magic
  1827 | D:3      | Reached skill level 1 in Earth Magic
  1827 | D:3      | Reached skill level 1 in Poison Magic
  1827 | D:3      | Reached XP level 5. HP: 32/47 MP: 5/7
  2000 | D:4      | Reached XP level 6. HP: 53/53 MP: 8/8
  2010 | D:4      | Found a staircase to the Ecumenical Temple.
  2028 | Temple   | Entered the Ecumenical Temple
  2160 | Temple   | Became a worshipper of Trog the Wrathful
  2256 | D:4      | Noticed a hippogriff
  2265 | D:4      | Killed a hippogriff
  2265 | D:4      | Reached skill level 5 in Axes
  2474 | D:4      | Reached XP level 7. HP: 36/59 MP: 10/10
  3008 | D:5      | Entered Level 5 of the Dungeon
  3041 | D:5      | Noticed Sigmund
  3206 | D:5      | Killed Sigmund
  3317 | D:5      | Found a glowing golden altar of the Shining One.
  3508 | D:5      | Found an iron altar of Okawaru.
  3670 | D:5      | Reached XP level 8. HP: 60/67 MP: 12/12
  3748 | D:6      | Reached * piety under Trog
  4847 | D:6      | Found a transporter.
  4847 | D:6      | Noticed Blackhawk's ghost (novice GnFi)
  4848 | D:6      | Noticed a two-headed ogre
  4848 | D:6      | Found a transporter.
  5063 | D:7      | Found Catsouttouxt's Gadget Emporium.
  5102 | D:7      | Reached XP level 9. HP: 58/72 MP: 14/14
  5230 | D:7      | Found a runed door.
  5253 | D:7      | Found a sacrificial altar of Ru.
  5413 | D:7      | Found an opulent altar of Gozag.
  6223 | D:7      | Mangled by an orc warrior

Skill      XL: |  1  2  3  4  5  6  7  8  9 |
---------------+----------------------------+-----
Invocations    | 1 2 3 4 |  4.3
Short Blades   | 1 2 3 |  3.9
Long Blades    | 1 2 3 |  3.9
Maces & Flails | 1 2 3 |  3.9
Polearms       | 1 2 3 |  3.9
Staves         | 1 2 3 |  3.9
Slings         | 1 2 3 |  3.9
Bows           | 1 2 3 |  3.9
Crossbows      | 1 2 3 |  3.9
Throwing       | 1 2 3 |  3.9
Dodging        | 1 2 3 |  3.9
Stealth        | 1 2 3 |  3.9
Unarmed Combat | 1 2 3 |  3.9
Spellcasting   | 1 2 3 |  3.9
Evocations     | 1 2 3 |  3.9
Conjurations   | 1 2 3 |  3.2
Hexes          | 1 2 3 |  3.2
Charms         | 1 2 3 |  3.2
Summonings     | 1 2 3 |  3.2
Necromancy     | 1 2 3 |  3.2
Translocations | 1 2 3 |  3.2
Transmutations | 1 2 3 |  3.2
Fire Magic     | 1 2 3 |  3.2
Ice Magic      | 1 2 3 |  3.2
Air Magic      | 1 2 3 |  3.2
Earth Magic    | 1 2 3 |  3.2
Poison Magic   | 1 2 3 |  3.2
Axes           | 5 6 |  6.1
Fighting       | 7 |  7.7
Armour         | 7 |  7.7
Shields        | 7 |  7.7

Action                   |  1- 3 |  4- 6 |  7- 9 || total
-------------------------+-------+-------+-------++-------
Melee: War axe           |    91 |    79 |   267 ||   437
       Bite              |     4 |    12 |    25 ||    41
Invok: Berserk           |       |       |     2 ||     2
  Use: Scroll            |       |       |    18 ||    18
  Eat: Chunk             |     1 |     4 |    13 ||    18
Armor: Scale mail        |    37 |    31 |    97 ||   165
Dodge: Dodged            |    24 |    32 |    72 ||   128
Block: Shield            |    52 |    50 |   154 ||   256
